 Dungeon Crawl Stone Soup version 0.30-a0-385-gfebfb9b408 (webtiles) character file.

Game seed: 18046608250182574300

18 vineage the Trooper (level 2, -6/32 HPs)
             Began as an Ogre Fighter on Dec 2, 2022.
             Succumbed to a gnoll's poison
             ... on level 1 of the Dungeon.
             The game lasted 00:00:38 (541 turns).

vineage the Trooper (Ogre Fighter)                   Turns: 541, Time: 00:00:39

Health: -6/32      AC:  3    Str: 19    XL:     2   Next: 70%
Magic:  2/2        EV:  8    Int:  9    God:
Gold:   18         SH:  7    Dex:  8    Spells: 1/1 levels left

rFire   . . .      SeeInvis .    a - +0 flail
rCold   . . .      Faith    .    c - +0 kite shield
rNeg    . . .      Spirit   .    b - +0 robe
rPois   .          Reflect  .    (helmet restricted)
rElec   .          Harm     .    (no cloak)
rCorr   .          Rampage  .    (gloves unavailable)
Will    .....                    (boots unavailable)
Stlth   +.........               (no amulet)
HPRegen 0.25/turn                (no ring)
MPRegen 0.08/turn                (no ring)

@: mighty, lethally poisoned (-6 -> -43), attractive
A: large, unfitting armour, tough skin 1
a: no special abilities


You were on level 1 of the Dungeon.
You visited 1 branch of the dungeon, and saw 1 of its levels.

You collected 18 gold pieces.

Inventory:

Hand Weapons
 a - a +0 flail (weapon)
Armour
 b - a +0 robe (worn)
 c - a +0 kite shield (worn)
Scrolls
 e - a scroll of identify {unknown}
 f - a scroll of noise {unknown}


   Skills:
 + Level 4.3 Fighting
 * Level 2.4 Maces & Flails
 + Level 2.9 Dodging
 - Level 3.0 Shields


You had one spell level left.
You didn't know any spells.
Your spell library was empty.

Dungeon Overview and Level Annotations

Branches:
Dungeon (1/15)

Altars:


Innate Abilities, Weirdness & Mutations

You are too large for most types of armour.
You have tough skin. (AC +1)


Message History

Things that are here:
a +0 dagger; a +0 dagger; a goblin corpse You start resting.
HP restored.
You start waiting.
Done waiting.
You see here 6 stones.
You open the door.
A gnoll comes into view. It is wielding a +2 whip of venom.
The gnoll shouts!
The gnoll moves out of view.
There is an open door here.
A gnoll is nearby!
A gnoll is nearby!
You hit the gnoll.
The gnoll is lightly wounded.
You block the gnoll's attack.
You hit the gnoll but do no damage.
The gnoll is lightly wounded.
You block the gnoll's attack. The gnoll barely misses you.
You hit the gnoll.
The gnoll is moderately wounded.
The gnoll hits you with a +2 whip of venom.
You are poisoned.
You barely miss the gnoll.
The gnoll is moderately wounded.
You feel very sick.
The gnoll hits you with a +2 whip of venom.
You are more poisoned.
The gnoll hits you with a +2 whip of venom.
You are lethally poisoned!
You feel very mighty all of a sudden.
* * * LOW HITPOINT WARNING * * *
You feel very sick.
The gnoll hits you with a +2 whip of venom.
* * * LOW HITPOINT WARNING * * *
You are more poisoned.
It was a potion of attraction.
You feel attractive to monsters.
You die...

####....#.#.......#
#.......#.#.......#
##.......#.#.......#
.........#.........#
.#......##.........#
#......##...#######
+.......'...#####
#......##.......#
#.......##@g....#
#####...##......#
#...#####...# #...#
..# #...# .# #...# #
#...# #...#


You could see a gnoll.

Vanquished Creatures
  A dart slug (D:1)
  An endoplasm (D:1)
  4 goblins (D:1)
  A hobgoblin (D:1)
  2 quokkas (D:1)
  3 ball pythons (D:1)
  A bat (D:1)
  A frilled lizard (D:1)
  A rat (D:1)
15 creatures vanquished.

Notes
Turn   | Place    | Note
-------+----------+-------------------------------------------
     0 | D:1      | vineage the Ogre Fighter began the quest for the Orb.
     0 | D:1      | Reached XP level 1. HP: 24/24 MP: 1/1
   127 | D:1      | Reached XP level 2. HP: 32/32 MP: 2/2
   541 | D:1      | Succumbed to a gnoll's poison

Illustrated notes

Levels and vault maps discovered:
D:1:      eino_arrival_cavern_b, layout_basic

Skill      XL: |  1 |
---------------+----+-----
Maces & Flails | 2 |  2.4
Fighting       | |  4.3
Dodging        | |  2.9
Shields        | |  3.0

Action                   || total
-------------------------++-------
Melee: Flail             ||    59
  Use: Potion            ||     2
Armor: Robe              ||    32
Dodge: Dodged            ||    32
Block: Kite shield       ||    31

Table legend: (Time is in decaauts)
 A = Elapsed time spent in this place.
 B = Non-inter-level travel time spent in this place.
 C = Inter-level travel time spent in this place.
 D = Time resting spent in this place.
 E = Time spent auto-exploring this place.
 F = Levels seen in this place.
 G = Mean time per level.
                   A        B        C        D        E       F      G
               +--------+--------+--------+--------+--------+-----+--------+
         Total |    567 |    567 |      0 |    203 |    226 |   1 |  567.0 |
       Dungeon |    567 |    567 |      0 |    203 |    226 |   1 |  567.0 |
               +--------+--------+--------+--------+--------+-----+--------+

Top non-repeatable levels by time:
     D:1: 567 daAuts
